 Dungeon Crawl Stone Soup version 0.31.0-12-g77e489cdc1 (webtiles) character file.

Game seed: 13571802384753601538

140 shadizar the Magician (level 5, 0/37 HPs)
             Began as a Djinni Conjurer on Feb 24, 2024.
             Slain by an adder (3 damage)
             ... on level 4 of the Dungeon.
             The game lasted 00:04:47 (2489 turns).

shadizar the Magician (Djinni Conjurer)             Turns: 2489, Time: 00:04:48

Health: 0/37       AC:  2    Str:  6    XL:     5   Next: 47%
Gold:   140        EV: 13    Int: 21    God:
                   SH:  0    Dex: 12

rFire   + + .        h - +1 quarterstaff (drain)
rCold   x . .        (shield currently unavailable)
rNeg    . . .        a - +0 robe
rPois   ∞            (no helmet)
rElec   .            (no cloak)
rCorr   .            (no gloves)
SInv    .            (boots unavailable)
Will    .....        (no amulet)
Stlth   ++           (no ring)
HPRegen 0.26/turn    (no ring)
MPRegen 0.00/turn

%: infuse magic (-1 HP)
@: flying
A: sickness immunity, fire resistance 2, cold vulnerability 1, float, innate
caster, HP casting, extra vitality 1
a: no special abilities


You were on level 4 of the Dungeon.
You visited 1 branch of the dungeon, and saw 4 of its levels.

You collected 140 gold pieces.

Inventory:

Hand Weapons
 h - a +1 quarterstaff of draining (weapon)
Armour
 a - a +0 robe (worn)
Jewellery
 d - a +4 ring of slaying
Wands
 q - a wand of iceblast (9)
Scrolls
 c - 3 scrolls of identify {unknown}
 e - 3 scrolls of poison {unknown}
 i - a scroll of vulnerability {unknown}
 j - 2 scrolls of fear {unknown}
 l - a scroll of amnesia {unknown}
 o - a scroll of teleportation {unknown}
 p - 2 scrolls of enchant armour {unknown}
 r - a scroll of noise {unknown}
Potions
 b - 2 potions of brilliance {unknown}
 f - a potion of might {unknown}
 g - a potion of heal wounds {unknown}
 k - 3 potions of degeneration {unknown}
 m - 2 potions of curing {unknown}
 n - a potion of attraction {unknown}
 s - a potion of lignification {unknown}


   Skills:
 + Level 1.0 Fighting
 + Level 3.7 Dodging
 - Level 2.6 Stealth
 + Level 4.1 Spellcasting
 + Level 4.1 Conjurations
 + Level 4.1 Hexes
 + Level 4.1 Summonings
 + Level 4.1 Necromancy
 + Level 4.1 Translocations
 + Level 4.1 Fire Magic
 + Level 4.1 Ice Magic
 + Level 4.1 Air Magic
 + Level 4.1 Earth Magic
 + Level 4.1 Alchemy


You knew the following spells:

 Your Spells              Type           Power      Damage    Failure   Level
a - Magic Dart            Conj           84%        1d7       2%          1
b - Searing Ray           Conj           42%        2d6       3%          2
c - Fulminant Prism       Conj/Alch      10%        3d9       22%         4
d - Iskenderun's Mystic   Conj/Tloc      21%        2d6       22%         4
e - Apportation           Tloc           42%        N/A       2%          1
f - Call Imp              Summ           42%        N/A       3%          2
Your spell library was empty.

Dungeon Overview and Level Annotations

Branches:
Dungeon (4/15)
 Temple: D:4-7

Altars:
Wu Jian

Annotations:
D:2 Natasha, Sigmund


Innate Abilities, Weirdness & Mutations

You are immune to sickness and miasma.
You are immune to poison.
Your flesh is very heat resistant. (rF++)
You are vulnerable to cold. (rC-)
You float through the air rather than walking.
You learn spells naturally, not from books.
Your magical power is your life essence.
You have superior vitality. (+4 MHP)


Message History

* * * LOW HITPOINT WARNING * * *
The adder closely misses you. The rat closely misses you.
Unknown command.
Casting: Magic Dart (safe; 2% risk of failure)
Confirm with . or Enter, or press ? or * to list all spells.
Aiming: Magic Dart (safe; 2% risk of failure)
Press: ? - help, Shift-Dir - straight line, f/p - adder
Aim: an adder (lightly wounded, 100% to hit)
The magic dart hits the adder.
The adder is heavily wounded.
* * * LOW HITPOINT WARNING * * *
The adder bites you.
* * * LOW HITPOINT WARNING * * *
The adder bites you.
* * * LOW HITPOINT WARNING * * *
The rat bites you.
* * * LOW HITPOINT WARNING * * *
Unknown command.
Unknown command.
Unknown command.
Casting: Magic Dart (safe; 2% risk of failure)
Confirm with . or Enter, or press ? or * to list all spells.
Aiming: Magic Dart (safe; 2% risk of failure)
Press: ? - help, Shift-Dir - straight line, f/p - adder
Aim: an adder (heavily wounded, 100% to hit)
The magic dart hits the adder.
The adder is severely wounded.
* * * LOW HITPOINT WARNING * * *
The adder barely misses you. The rat bites you but does no damage.
Unknown command.
Casting: Magic Dart (safe; 2% risk of failure)
Confirm with . or Enter, or press ? or * to list all spells.
Aiming: Magic Dart (safe; 2% risk of failure)
Press: ? - help, Shift-Dir - straight line, f/p - adder
Aim: an adder (severely wounded, 100% to hit)
The magic dart hits the adder.
The adder is almost dead.
* * * LOW HITPOINT WARNING * * *
The adder bites you.
You die...

...... ......#####
..)...#...# ..........
.........# .....†...##
......Sr..# .....†.@..#
...#......# ........###
... #...#.#.#.##
...###....#....## ##.
...........###...### #..
#...........##.....#
...##..........)......##
...........#.........##


You could see an adder and a rat.

Vanquished Creatures
  Natasha (D:2)
  5 adders
  A river rat (D:4)
  A dart slug (D:1)
  An orc (D:3)
  8 ball pythons
  6 bats
  5 endoplasms
  2 giant cockroaches (D:2)
  5 goblins
  5 hobgoblins
  3 quokkas
  A frilled lizard (D:1)
  5 kobolds
  7 rats
56 creatures vanquished.

Notes
Turn   | Place    | Note
-------+----------+-------------------------------------------
     0 | D:1      | shadizar the Djinni Conjurer began the quest for the Orb.
     0 | D:1      | shadizar set off with the following spells memorised: Magic
                  | Dart, Searing Ray, Fulminant Prism, Iskenderun's Mystic
                  | Blast.
     0 | D:1      | Reached XP level 1. HP: 15/15 MP: 0/0
   130 | D:1      | Reached XP level 2. HP: 20/21 MP: 0/0
   418 | D:1      | Reached XP level 3. HP: 22/25 MP: 0/0
   418 | D:1      | Learned a level 1 spell: Apportation
   650 | D:2      | Noticed Natasha
   754 | D:2      | Reached XP level 4. HP: 30/31 MP: 0/0
  1017 | D:2      | Found a faded altar of an unknown god.
  1021 | D:2      | Killed Natasha
  1029 | D:2      | Noticed Natasha
  1150 | D:2      | Noticed Sigmund
  1477 | D:3      | Found an ornate altar of the Wu Jian Council.
  1488 | D:3      | Reached XP level 5. HP: 25/35 MP: 0/0
  1488 | D:3      | Learned a level 2 spell: Call Imp
  2474 | D:4      | Reached skill level 1 in Fighting
  2489 | D:4      | Slain by an adder

Illustrated notes

Levels and vault maps discovered:
D:1:      amcnicky_arrival_abandoned_market, layout_rooms
D:2:      layout_basic, basic_ecumenical_altar, minmay_domino_4, uniq_sigmund,
          uniq_natasha
D:3:      layout_basic, mainiacjoe_overflow_boulevard,
          corexii_item_surrounded_by_moat, chequers_jeans
D:4:      layout_cave_pools, riverfiend_overflow_shadow_ancestor,
          lightli_sewer_entry_pipes

Skill      XL: |  1  2  3  4  5 |
---------------+----------------+-----
Stealth        | 2 |  2.6
Dodging        | 3 |  3.7
Spellcasting   | 4 |  4.1
Conjurations   | 4 |  4.1
Hexes          | 4 |  4.1
Summonings     | 4 |  4.1
Necromancy     | 4 |  4.1
Translocations | 4 |  4.1
Fire Magic     | 4 |  4.1
Ice Magic      | 4 |  4.1
Air Magic      | 4 |  4.1
Earth Magic    | 4 |  4.1
Alchemy        | 4 |  4.1
Fighting       | 1 |  1.0

Action                     |  1- 3 |  4- 6 || total
---------------------------+-------+-------++-------
   Cast: Magic Dart        |    58 |    91 ||   149
         Searing Ray       |       |     2 ||     2
         Call Imp          |       |     1 ||     1
 Armour: Robe              |     4 |    29 ||    33
  Dodge: Dodged            |     1 |    29 ||    30
